 Dungeon Crawl Stone Soup version 0.27.1-33-g824d729ab1 (webtiles) character file.

Game seed: 9666949014264555291

7288 13raion the Cleaver (level 10, -2/99 HPs)
             Began as a Minotaur Berserker on Dec 2, 2021.
             Was a Priest of Trog.
             Slain by a death yak (22 damage)
             ... on level 8 of the Dungeon.
             The game lasted 00:17:42 (7275 turns).

13raion the Cleaver (Minotaur Berserker)            Turns: 7275, Time: 00:17:43

Health: -2/99      AC: 11    Str: 31    XL:     10   Next: 89%
Magic:  9/9        EV: 13    Int:  2    God:    Trog [***...]
Gold:   402        SH:  5    Dex: 16    Spells: 9/9 levels left

rFire    . . .     SeeInvis +   j - +4 battleaxe (venom)
rCold    . . .     Faith    .   (shield currently unavailable)
rNeg     . . .     Spirit   .   h - +4 ring mail of Elitism {Str+6 Int-2 Stlth+}
rPois    .         Reflect  +   (helmet restricted)
rElec    .         Harm     .   (no cloak)
rCorr    .         Rampage  .   s - +0 pair of gloves
Will     .....                  (no boots)
Stlth    ++........             x - amulet of reflection
HPRegen  0.26/turn              f - +6 ring of dexterity
MPRegen  0.11/turn              u - ring of see invisible

@: about to teleport, on berserk cooldown, slowed, very slow
A: horns 2, retaliatory headbutt
a: Renounce Religion, Berserk, Trog's Hand


You were on level 8 of the Dungeon.
You worshipped Trog.
Trog was most pleased with you.
You visited 1 branch of the dungeon, and saw 8 of its levels.

You collected 402 gold pieces.

Inventory:

Hand Weapons
 a - a +1 hand axe
 e - a +1 vorpal hand axe
 j - a +4 battleaxe of venom (weapon)
Missiles
 B - a throwing net (quivered)
Armour
 b - a +0 animal skin
 h - the +4 ring mail of Elitism (worn) {Str+6 Int-2 Stlth+}
   (You took it off an orc on level 4 of the Dungeon)

   Str:       It affects your strength (+6).
   Int:       It affects your intelligence (-2).
   Stlth:     It makes you more stealthy.
 k - a +2 scale mail of cold resistance
 n - a +1 chain mail
 q - +0 swamp dragon scales
 s - a +0 pair of gloves (worn)
 v - a +0 plate armour
Jewellery
 f - a +6 ring of dexterity (left hand)
 u - a ring of see invisible (right hand)
 x - an amulet of reflection (around neck)
Wands
 w - a wand of iceblast (2)
 A - a wand of mindburst (13)
Scrolls
 g - 2 scrolls of teleportation
 m - a scroll of fear
 r - a scroll of enchant armour
 y - a scroll of amnesia {unknown}
 D - a scroll of noise {unknown}
Potions
 d - a potion of lignification
 i - a potion of degeneration
 l - a potion of invisibility {unknown}
 o - a potion of brilliance {unknown}
 p - a potion of mutation {unknown}
 t - a potion of berserk rage {unknown}
 z - a potion of might {unknown}
 C - a potion of curing {unknown}
 E - a potion of attraction {unknown}


   Skills:
 * Level 12.4 Fighting
 + Level 14.4 Axes
 * Level 5.1 Armour
 * Level 4.2 Dodging
 - Level 0.5 Shields


You had 9 spell levels left.
You didn't know any spells.
Your spell library was empty.

Dungeon Overview and Level Annotations

Branches:
Dungeon (8/15)             Temple (0/1) D:6
   Lair: D:8-11

Altars:
Ashenzari
Cheibriados
Fedhas
Hepliaklqana
Qazlal
Ru
Wu Jian
Xom
Yredelemnul
The Shining One

Shops:
D:3 [   D:6 (

Annotations:
D:3 2 transporters, crawlogic's ghost, weakling GrFi


Innate Abilities, Weirdness & Mutations

You have a pair of horns on your head.
You reflexively headbutt those who attack you in melee.


Message History

You headbutt the death yak!
The death yak is heavily wounded.
You kill the death yak!
Trog accepts your kill.
You can now call in reinforcements.
Your Dodging skill increases to level 4!
You slash the death yak!
The death yak looks as sick as possible!
You headbutt the death yak, but do no damage.
The death yak is almost dead.
You are no longer berserk.
You are exhausted.
You feel yourself slow down. The death yak gores you.
Your skin crawls.
You feel strong-willed.
You can no longer call in reinforcements.
The death yak gores you!
The death yak gores you but does no damage.
The death yak closely misses you. You furiously retaliate!
You headbutt the death yak, but do no damage.
You kill the death yak!
Trog accepts your kill.
Your Armour skill increases to level 5!
The death yak gores you!!
* * * LOW HITPOINT WARNING * * *
The death yak gores you but does no damage.
You feel much better. The death yak gores you!!
The orc warrior closely misses you. The death yak gores you.
You feel the effects of Trog's Hand fading.
The death yak snorts and paws the ground.
The death yak gores you!!
* * * LOW HITPOINT WARNING * * *
You feel much better. The death yak gores you!
* * * LOW HITPOINT WARNING * * *
The death yak gores you.
* * * LOW HITPOINT WARNING * * *
As you read the scroll of teleportation, it crumbles to dust.
You feel strangely unstable.
Your skin stops crawling.
You feel less strong-willed. The death yak gores you!!
You die...

....##)#..)).###...#####......
....##.###.### #).............
....##.###)# #.##.###.......
..#..)....)# #.##.# .. .
....##.###)# #.##.###....
.......# #)# #..o........
#.#.######.# ####.#####..
#.#........########.#
#...............@YYo#
####.#####.########## #.# #.#
#.# #)# #.# #)# #.# #.# #.#
#.# #.# #.# #.# #.#


You could see 2 death yaks and an orc warrior.

Vanquished Creatures
  5 death yaks (D:8)
  The ghost of makewrite the Severer, a novice HOMo of Beogh (D:7)
  Pikel (D:5)
  Maggie (D:6)
  An unseen horror (D:7)
  The ghost of Vivir the Shield-Bearer, an amateur DDFi (D:4)
  Sigmund (D:3)
  An orc warrior (D:3)
  A hornet zombie (D:7)
  2 ice beasts
  A sky beast (D:6)
  2 necrophages
  A phantom (D:7)
  2 centaurs
  A lemure (D:5)
  Blork the orc (D:5)
  A scorpion (D:6)
  A wyvern skeleton (D:7)
  A water moccasin skeleton (D:5)
  4 wights (D:8)
  A bullfrog zombie (D:5)
  Crazy Yiuf (D:6)
  A gnoll shaman (D:8)
  7 hounds
  7 orc priests
  A bullfrog skeleton (D:6)
  A centaur skeleton (D:6)
  5 iguanas
  Jessica (D:3)
  Natasha (thrice) (D:3)
  3 orc wizards
  A killer bee zombie (D:7)
  4 gnolls (D:8)
  3 adders
  A white imp (D:5)
  2 ufetubi
  2 adder skeletons (D:4)
  3 worms (D:2)
  2 dart slugs
  15 orcs
  6 endoplasms
  2 giant cockroaches
  11 goblins
  6 hobgoblins
  2 jackals (D:1)
  3 quokkas
  8 ball pythons
  5 bats
  3 frilled lizards
  4 kobolds
  4 rats
148 creatures vanquished.

Notes
Turn   | Place    | Note
-------+----------+-------------------------------------------
     0 | D:1      | 13raion the Minotaur Berserker began the quest for the Orb.
     0 | D:1      | Reached XP level 1. HP: 19/19 MP: 0/0
   176 | D:1      | Reached skill level 4 in Axes
   176 | D:1      | Reached XP level 2. HP: 25/27 MP: 1/1
  1106 | D:2      | Reached XP level 3. HP: 27/34 MP: 2/2
  1426 | D:2      | Reached ** piety under Trog
  1573 | D:2      | Found a faded altar of an unknown god.
  1895 | D:3      | Noticed Sigmund
  1900 | D:3      | Killed Sigmund
  1901 | D:3      | Reached skill level 5 in Fighting
  1901 | D:3      | Reached skill level 6 in Axes
  1901 | D:3      | Reached XP level 4. HP: 44/44 MP: 3/3
  1901 | D:3      | Reached XP level 5. HP: 50/50 MP: 4/4
  1979 | D:3      | Found Lucvyatz's Armour Shop.
  2070 | D:3      | Found a basalt altar of Yredelemnul.
  2131 | D:3      | Noticed Jessica
  2140 | D:3      | Killed Jessica
  2325 | D:3      | Noticed an orc warrior
  2333 | D:3      | Reached XP level 6. HP: 34/57 MP: 5/5
  2334 | D:3      | Killed an orc warrior
  2335 | D:3      | Reached skill level 7 in Axes
  2535 | D:3      | Found a transporter.
  2537 | D:3      | Found a transporter.
  2538 | D:3      | Noticed crawlogic's ghost (weakling GrFi)
  2578 | D:3      | Found a blossoming altar of Fedhas.
  2632 | D:3      | Found a glowing golden altar of the Shining One.
  2716 | D:3      | Noticed Natasha
  2719 | D:3      | Killed Natasha
  2879 | D:3      | Found a hazy altar of Hepliaklqana.
  2969 | D:3      | Noticed Natasha
  2975 | D:3      | Killed Natasha
  3149 | D:3      | Noticed Natasha
  3155 | D:3      | Killed Natasha
  3531 | D:4      | Found a sacrificial altar of Ru.
  3533 | D:4      | Identified the +4 ring mail of Elitism {Str+6 Int-2 Stlth+}
  3597 | D:4      | Reached XP level 7. HP: 63/64 MP: 6/6
  3671 | D:4      | Found a runed translucent gate.
  3671 | D:4      | Found a runed translucent gate.
  3671 | D:4      | Found a runed translucent gate.
  3672 | D:4      | Noticed Vivir's ghost (amateur DDFi)
  3681 | D:4      | Killed Vivir's ghost
  3682 | D:4      | Reached skill level 8 in Axes
  3875 | D:4      | Reached *** piety under Trog
  4042 | D:4      | Found a broken altar of Ashenzari.
  4129 | D:5      | Entered Level 5 of the Dungeon
  4161 | D:5      | Noticed Pikel
  4162 | D:5      | Found an ornate altar of the Wu Jian Council.
  4162 | D:5      | Noticed Blork the orc
  4171 | D:5      | Killed Blork the orc
  4172 | D:5      | Reached skill level 9 in Axes
  4178 | D:5      | Killed Pikel
  4179 | D:5      | Reached skill level 10 in Axes
  4179 | D:5      | Reached XP level 8. HP: 55/74 MP: 7/7
  4355 | D:5      | Found a stormy altar of Qazlal.
  4359 | D:5      | Found a snail-covered altar of Cheibriados.
  4617 | D:5      | Reached skill level 11 in Axes
  5167 | D:6      | Found Gautzil's Antique Weapon Boutique.
  5194 | D:6      | Noticed Maggie
  5207 | D:6      | Killed Maggie
  5208 | D:6      | Reached XP level 9. HP: 40/84 MP: 8/8
  5579 | D:6      | Found a staircase to the Ecumenical Temple.
  5606 | D:6      | Found a runed translucent door.
  5607 | D:6      | Noticed Crazy Yiuf
  5822 | D:6      | Found a shimmering altar of Xom.
  5925 | D:6      | Reached skill level 12 in Axes
  5980 | D:6      | Reached skill level 10 in Fighting
  6058 | D:6      | Killed Crazy Yiuf
  6232 | D:7      | Noticed an unseen horror
  6239 | D:7      | Killed an unseen horror
  6532 | D:7      | Found a runed translucent gate.
  6533 | D:7      | Found a runed translucent gate.
  6534 | D:7      | Found a runed translucent gate.
  6541 | D:7      | Noticed makewrite's ghost (novice HOMo)
  6557 | D:7      | Killed makewrite's ghost
  6558 | D:7      | Reached skill level 13 in Axes
  6793 | D:8      | Reached XP level 10. HP: 89/94 MP: 9/9
  6979 | D:8      | Noticed a death yak
  6980 | D:8      | Noticed a death yak
  6983 | D:8      | Noticed a death yak
  6984 | D:8      | Noticed a death yak
  6985 | D:8      | Noticed a death yak
  6989 | D:8      | Killed a death yak
  6990 | D:8      | Noticed a death yak
  7240 | D:8      | Noticed a death yak
  7245 | D:8      | Killed a death yak
  7250 | D:8      | Killed a death yak
  7251 | D:8      | Reached skill level 14 in Axes
  7256 | D:8      | Killed a death yak
  7256 | D:8      | Reached **** piety under Trog
  7263 | D:8      | Killed a death yak
  7264 | D:8      | Reached skill level 5 in Armour
  7275 | D:8      | Slain by a death yak

Illustrated notes

Levels and vault maps discovered:
D:1:      enne_arrival_octagon_isle, layout_basic, minivault_11
D:2:      layout_basic, serial_curves, eino_curves_01, eino_curves_02,
          ebering_ecumenical_altar_hall
D:3:      layout_loops_corners, worldfamousw_hep_ancestral_shrine,
          pf_just_have_faith, mainiacjoe_overflow_large_starburst, serial_shops,
          nicolae_shop_statue_plus, gammafunk_ghost_smash, uniq_sigmund,
          uniq_natasha, uniq_jessica
D:4:      layout_basic, lemuel_crystal_altar, mainiacjoe_overflow_alcove_2,
          ebering_ghost_rock_garden
D:5:      layout_basic, grunt_temple_overflow_open, lemuel_another_geyser,
          uniq_pikel, uniq_blork_the_orc
D:6:      layout_loops_ring, overflow_temple_1_default,
          minmay_temple_entry_offerings, serial_shops, nicolae_shop_trees,
          uniq_maggie, uniq_crazy_yiuf_cottage
D:7:      layout_cave_pools, serial_park, serial_park_gazebo
          [serial_park_minivault_5x5_7], serial_park_square2,
          serial_park_tiny_pond, serial_park_square3
          [serial_park_minivault_5x5_1], serial_park_square2,
          ebering_ghost_rock_garden
D:8:      layout_loops_ring, nemelex_diamond_rough_becter, dpeg_lair_monsters,
          uniq_prince_ribbit1

Skill      XL: |  1  2  3  4  5  6  7  8  9 10 |
---------------+-------------------------------+-----
Fighting       | 4 5 6 8 9 11 12 | 12.4
Axes           | 4 6 7 10 11 13 14 | 14.4
Armour         | 5 |  5.1
Dodging        | 4 |  4.2
Shields        | |  0.5

Action                   |  1- 3 |  4- 6 |  7- 9 | 10-12 || total
-------------------------+-------+-------+-------+-------++-------
Melee: Hand axe          |    51 |    71 |    41 |       ||   163
       Headbutt          |    11 |    17 |    30 |    18 ||    76
       Battleaxe         |       |       |    93 |    39 ||   132
Invok: Berserk           |     1 |       |     4 |     1 ||     6
       Trog's Hand       |       |       |     4 |     2 ||     6
  Use: Scroll            |       |     8 |     5 |     2 ||    15
       Potion            |       |       |       |     4 ||     4
 Stab: Sleeping          |     1 |     2 |       |       ||     3
       Distracted        |       |       |       |     1 ||     1
Armor: Animal skin       |     1 |     8 |       |       ||     9
       Chain mail        |       |     6 |       |       ||     6
       Ring mail         |       |     1 |    44 |    11 ||    56
Dodge: Dodged            |    39 |    33 |    55 |    23 ||   150
Block: Other             |       |       |     7 |    13 ||    20
